 Seeded DCSS version 0.30-a0-122-g2a1322497e (webtiles) character file.

Game seed: 17246712331252751712 (custom seed)

6407 wilfster70 the Carver (level 10, -5/63 HPs)
             Began as a Gargoyle Earth Elementalist on Sept 16, 2022.
             Was an Initiate of Ashenzari.
             Slain by a yak (11 damage)
             ... on level 10 of the Dungeon.
             The game lasted 00:28:07 (11330 turns).

wilfster70 the Carver (GrEE)                       Turns: 11330, Time: 00:28:08

Health: -5/63      AC: 23    Str: 13    XL:     10   Next: 98%
Magic:  19/19      EV: 11    Int: 26    God:    Ashenzari [......]
Gold:   512        SH:  0    Dex: 10    Spells: 17/21 levels left

rFire   + . .      SeeInvis +    a - +7 triple sword of Viwosaid {venom, Fly rF+ Int+5}
rCold   + . .      Faith    .    (shield currently unavailable)
rNeg    + . .      Spirit   .    M - +0 steam dragon scales
rPois   ∞          Reflect  .    r - +3 crown of Dyrovepreva {rElec Int+2 SInv}
rElec   +          Harm     .    (no cloak)
rCorr   .          Rampage  .    (no gloves)
Will    .....                    u - +3 pair of mountain boots {steadfast, rC+, Alch, Melee} (curse)
Stlth   ++........               J - amulet of the acrobat
HPRegen 0.20/turn                f - +4 ring of protection
MPRegen 0.16/turn                (no ring)

@: flying
A: sickness immunity, AC +7, negative energy resistance 1, electricity
resistance, torment resistance 1, petrification resistance
a: Renounce Religion, Curse Item, Shatter the Chains


You were on level 10 of the Dungeon.
You worshipped Ashenzari.
Ashenzari was noncommittal.
You visited 2 branches of the dungeon, and saw 11 of its levels.
You also visited: Sewer.

You collected 512 gold pieces.

Inventory:

Hand Weapons
 a - the +7 triple sword of Viwosaid (weapon) {venom, Fly rF+ Int+5}
   (You acquired it on level 1 of the Dungeon)

   It poisons the flesh of those it strikes.
   Int:       It affects your intelligence (+5).
   rF:        It protects you from fire.
   Fly:       It grants you flight.
 b - a +2 dagger of venom
 B - a +0 sling of flaming
Armour
 r - the +3 crown of Dyrovepreva (worn) {rElec Int+2 SInv}
   (You found it on level 10 of the Dungeon)

   Int:       It affects your intelligence (+2).
   rElec:     It insulates you from electricity.
   SInv:      It lets you see invisible.
 u - the cursed +3 pair of mountain boots (worn) {steadfast, rC+, Alch, Melee}
   (You acquired it in a sewer)

   It prevents involuntary movement, except for blinking, teleportation, or
   banishment.
   rC:        It protects you from cold.
   It has a curse which improves the following skills: Alchemy: Poison Magic and
   Transmutations.
   Melee Combat: Short Blades, Long Blades, Axes, Maces & Flails, Polearms,
   Staves and Unarmed Combat.
 M - +0 steam dragon scales (worn)
Jewellery
 c - a ring of ice
 d - a ring of ice
 f - a +4 ring of protection (left hand)
 s - a ring of magical power
 I - a ring of fire
 J - an amulet of the acrobat (around neck)
 L - a ring of fire
Wands
 y - a wand of paralysis (7)
 F - a wand of mindburst (3)
Scrolls
 g - 2 scrolls of blinking {unknown}
 h - 5 scrolls of teleportation
 i - 5 scrolls of fog {unknown}
 j - a scroll of noise {unknown}
 l - 2 scrolls of poison {unknown}
 m - 2 scrolls of amnesia {unknown}
 q - 3 scrolls of enchant weapon {unknown}
 t - 3 scrolls of summoning {unknown}
 v - 4 scrolls of magic mapping {unknown}
 A - 2 scrolls of fear {unknown}
 G - a scroll of silence {unknown}
 H - a scroll of enchant armour {unknown}
 K - a scroll of vulnerability {unknown}
Potions
 e - 2 potions of lignification
 k - 8 potions of curing
 n - 2 potions of magic
 o - a potion of cancellation {unknown}
 p - 4 potions of flight
 w - 3 potions of invisibility
 x - a potion of heal wounds
 z - a potion of resistance
 C - 2 potions of mutation
 E - 2 potions of might
 N - a potion of brilliance


   Skills:
 + Level 7.3 Fighting
 * Level 10.4(10.8) Long Blades
 - Level 1.5 Dodging
 - Level 2.1 Stealth
 - Level 6.0 Spellcasting
 - Level 3.5 Conjurations
 - Level 3.1(3.4) Transmutations
 - Level 7.0 Earth Magic


You had 17 spell levels left.
You knew the following spells:

 Your Spells              Type           Power      Damage    Failure   Level
a - Sandblast             Erth           88%        2d18      1%          1
b - Stone Arrow           Conj/Erth      70%        3d11      2%          3

Your spell library contained the following spells:

 Spells                   Type           Power      Damage    Failure   Level
 Beastly Appendage        Tmut           50%        N/A       1%          1
 Passwall                 Tmut/Erth      29%        N/A       1%          2
 Wereblood                Tmut           25%        N/A       2%          2
 Foxfire                  Conj/Fire      68%        2x1d7     3%          1
 Petrify                  Tmut/Erth      35%        N/A       8%          4
 Spider Form              Tmut/Pois      17%        N/A       10%         3
 Blink                    Tloc           14%        N/A       11%         2
 Inner Flame              Hex/Fire       7%         N/A       21%         3
 Kindle Blastsparks       Fire/Tloc/Air  14%        2d11      21%         3
 Lesser Beckoning         Tloc           7%         N/A       21%         3
 Flame Wave               Conj/Fire      17%        2d7       32%         4
 Manifold Assault         Tloc           7%         N/A       56%         4


Dungeon Overview and Level Annotations

Branches:
Dungeon (10/15)            Temple (1/1) D:7           Sewer (visited)
   Lair: D:8-11         Orc: D:9-12

Altars:
Ashenzari
Cheibriados
Dithmenos
Elyvilon
Fedhas
Gozag
Hepliaklqana
Makhleb
Nemelex Xobeh
Okawaru
Qazlal
Ru
Sif Muna
Trog
Uskayaw
Wu Jian
Xom
Yredelemnul
Zin
The Shining One

Annotations:
D:3 1 exclusion


Innate Abilities, Weirdness & Mutations

You are immune to sickness and miasma.
Your stone body is resilient. (AC +7)
You are immune to poison.
You resist negative energy. (rN+)
You are resistant to electric shocks. (rElec)
You are resistant to unholy torment.
You are immune to petrification.


Message History

3 yaks come into view.
The yak bellows! x2; You hear two shouts!
The yak bellows!
You hear an angry hiss.
You open the door.
Found an escape hatch in the floor.
There is an open door here.
The yak attacks as you move away! The yak closely misses you.
You hit the yak.
The yak is poisoned.
The yak is lightly wounded.
You completely miss the yak.
The yak is lightly wounded.
Your +2 dagger of venom stops dripping with poison.
You feel clever.
You fly up into the air.
The +7 triple sword of Viwosaid {venom, Fly rF+ Int+5} begins to drip with poison!
a - the +7 triple sword of Viwosaid (weapon)
{venom, Fly rF+ Int+5} The yak attacks as you move away!
The yak closely misses you.
You slice the yak!!
The yak looks as sick as possible!
The yak is almost dead.
You kill the yak!
The yak closely misses you.
You hit the yak.
The yak is poisoned.
The yak is lightly wounded.
The yak closely misses you.
You slice the yak!!
The yak looks as sick as possible!
The yak is severely wounded.
The yak gores you but does no damage. x2
You are too injured to fight recklessly!
You are too injured to fight recklessly!
You slash the yak!
The yak looks as sick as possible!
The yak is moderately wounded.
The yak gores you but does no damage. x2
You slash the yak!
The yak is heavily wounded.
The yak gores you!
* * * LOW HITPOINT WARNING * * *
The yak gores you but does no damage. The yak gores you.
* * * LOW HITPOINT WARNING * * *
The yak gores you!
You die...

#####
#..@###############.
#..YYY.........>....
#...#.........#.....
#...#.........# #.#.
#...#.........# #
#..>#....~~...#
#...#....~....#
#...#.........#
#####..........


You could see 3 yaks.

Vanquished Creatures
  Josephine (D:10)
  A cyclops (D:10)
  Joseph (D:7)
  A hornet (D:9)
  7 yaks
  2 steam dragons
  2 acid dragons
  2 water moccasins (D:7)
  An ice beast (D:6)
  3 black bears
  2 orc warriors
  A centaur (D:10)
  4 kobold brigands
  A phantom (D:6)
  2 necrophages (D:5)
  3 bullfrogs
  A gnoll sergeant (D:8)
  A scorpion (D:5)
  4 wights
  8 killer bees
  2 howler monkeys
  7 hounds
  2 jellies (D:6)
  6 orc priests
  A gnoll bouda (D:5)
  4 iguanas
  10 orc wizards
  9 gnolls (D:5)
  4 river rats
  12 adders
  A shadow imp (D:7)
  2 ufetubi
  3 worms
  4 dart slugs
  37 orcs
  6 ball pythons
  4 bats
  6 endoplasms
  8 giant cockroaches
  5 hobgoblins
  13 kobolds
  3 quokkas
  A frilled lizard (D:2)
  5 goblins
  5 rats
208 creatures vanquished.

Vanquished Creatures (others)
  An orc (D:7)
1 creature vanquished.

Grand Total: 209 creatures vanquished

Notes
Turn   | Place    | Note
-------+----------+-------------------------------------------
     0 | D:1      | wilfster70 the Gargoyle Earth Elementalist began the quest
                  | for the Orb.
     0 | D:1      | Reached XP level 1. HP: 10/10 MP: 3/3
    70 | D:1      | Identified a scroll of acquirement
    70 | D:1      | Acquired the +7 triple sword of Viwosaid {venom, Fly rF+
                  | Int+5}
    98 | D:1      | Reached XP level 2. HP: 15/15 MP: 1/5
   179 | D:1      | Acquired a +4 ring of protection
   843 | D:2      | Reached XP level 3. HP: 15/19 MP: 3/6
  1086 | D:2      | Found a faded altar of an unknown god.
  1391 | D:3      | Reached skill level 1 in Long Blades
  1397 | D:3      | Reached skill level 5 in Earth Magic
  1397 | D:3      | Reached XP level 4. HP: 21/24 MP: 1/8
  1455 | D:3      | Found a glowing drain.
  1500 | D:3      | HP: 1/24 [adder (3)]
  1510 | D:3      | Reached XP level 5. HP: 11/28 MP: 2/9
  1548 | Sewer    | Entered a sewer
  1795 | Sewer    | Acquired the +3 pair of mountain boots {steadfast, rC+}
  1795 | Sewer    | Found the +3 pair of mountain boots {steadfast, rC+}
  1901 | Sewer    | Noticed a kobold brigand
  1920 | Sewer    | Killed a kobold brigand
  1921 | Sewer    | Reached skill level 2 in Long Blades
  1921 | Sewer    | Reached XP level 6. HP: 23/32 MP: 2/10
  2417 | D:3      | Found an opulent altar of Gozag.
  2426 | D:3      | Found a burning altar of Makhleb.
  2541 | D:3      | Found a shimmering blue altar of Sif Muna.
  2896 | D:3      | Found an ornate altar of the Wu Jian Council.
  2993 | D:4      | Reached XP level 7. HP: 36/36 MP: 12/12
  3110 | D:4      | Found a bloodstained altar of Trog.
  3308 | D:4      | Found a sacrificial altar of Ru.
  3331 | D:4      | Reached skill level 1 in Transmutations
  3376 | D:4      | Reached skill level 3 in Long Blades
  3616 | D:5      | Entered Level 5 of the Dungeon
  3732 | D:5      | Found a shadowy altar of Dithmenos.
  4015 | D:5      | Found a sparkling altar of Nemelex Xobeh.
  4221 | D:5      | Reached XP level 8. HP: 41/41 MP: 11/14
  4238 | D:5      | Reached skill level 4 in Long Blades
  4542 | D:5      | Reached skill level 5 in Spellcasting
  4546 | D:5      | Learned a level 3 spell: Stone Arrow
  4614 | D:5      | Reached skill level 1 in Conjurations
  4972 | D:6      | Reached skill level 5 in Long Blades
  5440 | D:6      | Reached XP level 9. HP: 45/45 MP: 14/17
  5533 | D:6      | Reached skill level 1 in Fighting
  5900 | D:7      | Reached skill level 6 in Long Blades
  5902 | D:7      | Noticed Joseph
  6319 | D:7      | Killed Joseph
  6477 | D:7      | Reached skill level 7 in Long Blades
  7170 | D:7      | Found a staircase to the Ecumenical Temple.
  7179 | Temple   | Entered the Ecumenical Temple
  8093 | D:8      | Noticed a hornet
  8153 | D:8      | Reached skill level 8 in Long Blades
  8319 | D:8      | Reached XP level 10. HP: 40/58 MP: 14/19
  8426 | D:8      | Found a broken altar of Ashenzari.
  8430 | D:8      | Became a worshipper of Ashenzari the Shackled
  8642 | D:8      | Found a hazy altar of Hepliaklqana.
  8644 | D:8      | Found a faded altar of an unknown god.
  8674 | D:8      | HP: 2/58 [gnoll sergeant/+5 flail (9)]
  9061 | D:8      | Reached skill level 5 in Fighting
  9565 | D:9      | Found a white marble altar of Elyvilon.
  9754 | D:9      | Reached skill level 9 in Long Blades
  9951 | D:9      | Found a glowing golden altar of the Shining One.
 10596 | D:10     | Entered Level 10 of the Dungeon
 10621 | D:10     | Noticed a cyclops
 10623 | D:10     | Found the +3 crown of Dyrovepreva {rElec Int+2 SInv}
 10644 | D:10     | Killed a cyclops
 11257 | D:10     | Noticed Josephine
 11272 | D:10     | Killed Josephine
 11273 | D:10     | Reached skill level 10 in Long Blades
 11330 | D:10     | Slain by a yak

Illustrated notes

Levels and vault maps discovered:
D:1:      evilmike_arrival_plus, layout_rooms
D:2:      minmay_evil_eye, layout_loops_ring, ebering_ecumenical_altar_box
D:3:      layout_basic, palyth_temple_overflow_mages, nzn_wu_jian_contemplation,
          amethyst_overflow_temple_binary, portal_sewer_entry_c
D:4:      layout_basic, trog_book, nicolae_ru_great_annihilating_truth
D:5:      layout_loops_ring, nicolae_dithmenos_the_darkroom,
          overflow_temple_1_default
D:6:      layout_basic
D:7:      layout_loops_ring, minmay_temple_entry_poolview, uniq_joseph
D:8:      layout_loops_ring, mainiacjoe_overflow_cross_hatched,
          beargit_hepliaklqana_dungeon_heroes, grunt_ministairs_7,
          dk_noncrumbling_4
D:9:      layout_roguey, mainiacjoe_overflow_paths,
          nicolae_elyvilon_peaceful_grove
D:10:     layout_basic, nicolae_trove_entry_crossroad, pond, uniq_josephine
Temple:   nicolae_temple_bog_church

Skill      XL: |  1  2  3  4  5  6  7  8  9 10 |
---------------+-------------------------------+-----
Earth Magic    | 4 5 6 7 |  7.0
Long Blades    | 1 2 3 5 8 10 | 10.4
Spellcasting   | 3 4 5 6 |  6.0
Transmutations | 2 3 |  3.1
Conjurations   | 3 |  3.5
Fighting       | 4 7 |  7.3
Dodging        | |  1.5
Stealth        | |  2.1

Action                   |  1- 3 |  4- 6 |  7- 9 | 10-12 || total
-------------------------+-------+-------+-------+-------++-------
Melee: Triple sword      |    18 |     1 |       |     5 ||    24
       Dagger            |     1 |    61 |    55 |   179 ||   296
       Punch             |       |       |       |     4 ||     4
 Cast: Sandblast         |    31 |    65 |   152 |    52 ||   300
       Stone Arrow       |       |       |    34 |     8 ||    42
Invok: Curse Item        |       |       |       |     1 ||     1
  Use: Scroll            |     2 |     1 |     7 |     4 ||    14
       Potion            |       |     2 |       |     2 ||     4
Armor: Robe              |     8 |    43 |   108 |       ||   159
       Skin              |       |     9 |       |       ||     9
       Steam dragon scal |       |       |     6 |   133 ||   139
Dodge: Dodged            |    20 |    43 |   146 |   164 ||   373

Table legend: (Time is in decaauts)
 A = Elapsed time spent in this place.
 B = Non-inter-level travel time spent in this place.
 C = Inter-level travel time spent in this place.
 D = Time resting spent in this place.
 E = Time spent auto-exploring this place.
 F = Levels seen in this place.
 G = Mean time per level.
                   A        B        C        D        E       F      G
               +--------+--------+--------+--------+--------+-----+--------+
         Total |  11489 |  11225 |    264 |   3918 |   2988 |  12 |  957.4 |
       Dungeon |  10684 |  10440 |    244 |   3586 |   2843 |  10 | 1068.4 |
        Temple |    232 |    212 |     20 |      0 |    145 |   1 |  232.0 |
         Sewer |    573 |    573 |      0 |    332 |      0 |   1 |  573.0 |
               +--------+--------+--------+--------+--------+-----+--------+

Top non-repeatable levels by time:
     D:8: 1832 daAuts
     D:9: 1581 daAuts
     D:6: 1526 daAuts
     D:5: 1153 daAuts
     D:3: 1105 daAuts
     D:7: 1090 daAuts
     D:1: 803 daAuts
     D:4: 735 daAuts
     D:2: 582 daAuts
   Sewer: 573 daAuts
    D:10: 273 daAuts
  Temple: 232 daAuts
